 Dungeon Crawl Stone Soup version 0.24-a0-169-g71aafec (webtiles) character file.

Game seed: 2060885000083960121

231 Borgoz the Skirmisher (level 6, -2/52 HPs)
             Began as a Ghoul Monk on Mar 8, 2019.
             Slain by a phantom (9 damage)
             ... on level 4 of the Dungeon.
             The game lasted 00:04:38 (2053 turns).

Borgoz the Skirmisher (Ghoul Monk)                  Turns: 2053, Time: 00:04:39

Health: -2/52      AC:  3    Str: 15      XL:     6   Next: 3%
Magic:  5/5        EV: 12    Int:  7      God:
Gold:   121        SH:  0    Dex: 10 (11) Spells: 5/5 levels left

rFire    . . .     SeeInvis .     - Unarmed
rCold    + . .     Gourm    .   (no shield)
rNeg     + + +     Faith    .   p - +0 leather armour
rPois    ∞         Spirit   .   (no helmet)
rElec    .         Reflect  .   (no cloak)
rCorr    .         Harm     .   (no gloves)
MR       .....                  (no boots)
Stlth    +.........             (no amulet)
HPRegen  0.00/turn              (no ring)
MPRegen  0.09/turn              (no ring)

@: rotting, drained
A: rotting body, claws 1, carnivore, cold resistance 1, negative energy
resistance 3, inhibited regeneration, torment resistance, unbreathing
a: no special abilities


You were on level 4 of the Dungeon.
You were not hungry.

You visited 1 branch of the dungeon, and saw 4 of its levels.

You collected 121 gold pieces.

Inventory:

Armour
 a - a +0 robe
 p - a +0 leather armour (worn)
Scrolls
 c - a scroll of immolation {unknown}
 f - a scroll of blinking {unknown}
 g - a scroll of remove curse {unknown}
 h - 2 scrolls of magic mapping {unknown}
 j - 2 scrolls of teleportation {unknown}
 k - a scroll of identify {unknown}
 n - a scroll of fog {unknown}
 o - a scroll of enchant weapon {unknown}
Potions
 d - 2 potions of lignification
 e - a potion of heal wounds
Comestibles
 b - 5 rations


   Skills:
 + Level 4.1(3.3) Fighting
 * Level 2.5(1.7) Armour
 * Level 4.1(3.3) Dodging
 - Level 2.1(1.3) Stealth
 + Level 4.1(3.2) Unarmed Combat


You had 5 spell levels left.
You didn't know any spells.
Your spell library was empty.

Dungeon Overview and Level Annotations

Branches:
Dungeon (4/15)
 Temple: D:4-7

Altars:


Innate Abilities, Weirdness & Mutations

Your body is rotting away.
You thrive on raw meat.
You are immune to poison.
You have sharp fingernails.
You are carnivorous and can eat meat at any time.
Your flesh is cold resistant. (rC+)
You are immune to negative energy. (rN+++)
You do not regenerate when monsters are visible.
You are immune to unholy pain and torment.
You can survive without breathing.


Message History

The phantom is lightly damaged.
The phantom blinks!
The phantom blinks!
You see here a +0 giant spiked club.
You scratch the phantom but do no damage.
The phantom is lightly damaged.
The phantom blinks!
Found a scroll labeled PECOUL TIUPE and a scroll labeled ILIHEG HIOGOFUNO.
The phantom blinks!
f - a scroll labeled PECOUL TIUPE
There are no items here.
The phantom blinks!
The phantom hits you.
* * * LOW HITPOINT WARNING * * *
You see here a scroll labeled ILIHEG HIOGOFUNO.
You closely miss the phantom. The phantom hits you!
* * * LOW HITPOINT WARNING * * *
You closely miss the phantom. The phantom misses you.
You completely miss the phantom. The phantom hits you!
You die...

..........## ###
##....## ..........#
#.## ##..## .........#
##..## #### #
.........#####....#####
######
.......................
......
#......................
......
#.###....####......####
###### #..).# ##.W...##
# ##...## #.@...##
#....# #....## ##...##
#...## #....# #####
##...## #....# ##...##
#.....# ### #
#...#.########.# ##


You could see a phantom.

Vanquished Creatures
  An ogre (D:4)
  5 adders
  An ooze (D:1)
  A worm (D:4)
  2 dart slugs (D:2)
  3 leopard geckos
  4 orcs (D:3)
  7 giant cockroaches
  9 goblins
  11 hobgoblins
  2 jackals (D:2)
  11 kobolds
  2 quokkas (D:2)
  7 bats
  5 frilled lizards
  7 rats
78 creatures vanquished.

Notes
Turn   | Place    | Note
-------+----------+-------------------------------------------
     0 | D:1      | Borgoz the Ghoul Monk began the quest for the Orb.
     0 | D:1      | Reached XP level 1. HP: 19/19 MP: 0/0
   168 | D:1      | Reached XP level 2. HP: 26/26 MP: 1/1
   397 | D:1      | Reached skill level 1 in Armour
   578 | D:1      | Reached XP level 3. HP: 22/31 MP: 2/2
   966 | D:2      | Reached XP level 4. HP: 12/40 MP: 3/3
  1618 | D:3      | Reached XP level 5. HP: 40/46 MP: 4/4
  1872 | D:4      | Noticed an ogre
  2005 | D:4      | Noticed a phantom
  2020 | D:4      | Killed an ogre
  2020 | D:4      | Reached XP level 6. HP: 6/52 MP: 5/5
  2053 | D:4      | Slain by a phantom

Levels and vault maps discovered:
D:1:      evilmike_arrival_plus, layout_basic
D:2:      layout_basic, first_ration, grunt_ministairs_1
D:3:      layout_rooms
D:4:      layout_cave_pods, yredelemnul_altar_generic, temple_hall

Skill      XL: |  1  2  3  4  5 |
---------------+----------------+-----
Dodging        | 3 4 |  4.1
Armour         | 1 2 |  2.5
Fighting       | 4 |  4.1
Unarmed Combat | 4 |  4.1
Stealth        | |  2.1

Action                   |  1- 3 |  4- 6 || total
-------------------------+-------+-------++-------
Melee: Unarmed           |   126 |   132 ||   258
       Punch             |     1 |       ||     1
  Use: Potion            |       |     5 ||     5
 Stab: Sleeping          |     6 |     1 ||     7
  Eat: Chunk             |    12 |    10 ||    22
Armor: Robe              |     9 |    10 ||    19
       Leather armour    |       |     6 ||     6
Dodge: Dodged            |    76 |   101 ||   177

Table legend:
 A = Non-vault XP
 B = Vault XP
 C = Vault XP percentage of total XP
 D = Non-vault monster count
 E = Vault monster count
 F = Vault count percentage of total count
                 A         B        C        D         E       F
            +---------+---------+-------+---------+---------+-------
      Total |     327 |       3 |   0.9 |      76 |       2 |   2.6
            +---------+---------+-------+---------+---------+-------
        D:1 |      51 |       0 |   0.0 |      26 |       0 |   0.0
        D:2 |      82 |       3 |   3.5 |      29 |       2 |   6.5
        D:3 |      51 |       0 |   0.0 |      18 |       0 |   0.0
        D:4 |     143 |       0 |   0.0 |       3 |       0 |   0.0
            +---------+---------+-------+---------+---------+-------
